AoeStats
← Arguin331

Black Forest

504836827Analyzed
4v4 RM · 25d ago on Sep 6, 2026· 48m 55s· 8 players
Game mode
Random Map
Map size
Large (8 player)
Population
200
Speed
Normal
Resources
Standard
Victory
Conquest
Starting age
Dark Age
Ending age
Imperial Age
RankedLock teamsTeams togetherTeam positionsShared explorationLock speedFull tech treeHidden civsTurbo modeCheats
Victory
Defeat
🇧🇴 Goths · Bolivia
982
+12
🇵🇱 Lithuanians · Poland
967
+13
🇦🇷 Khitans · Argentina
920
+15
🇮🇳 Portuguese · India
880
+17
🇩🇰 Malians · Denmark
923
-15
🇺🇸 Slavs · United States
919
-23
🇺🇸 Khmer · United States
883
-14
🇫🇷 Chinese · France
877
-13
Spooch
0:32 Loom
13:33 Feudal Age
17:25 Castle Age
16:04 Double-Bit Axe
16:07 Horse Collar
24:53 Heavy Plow
26:32 Bow Saw
29:18 Scale Barding Armor
29:24 Forging
34:57 Imperial Age
33:46 Wheelbarrow
33:51 Wheelbarrow
35:02 Ballistics
35:08 Chain Barding Armor
35:12 Hand Cart
36:10 Double Crossbow
36:29 Elite Ballista Elephant
37:51 Plate Barding Armor
40:40 Chemistry
41:19 Gold Mining
Vengefulone
2:56 Loom
26:50 Feudal Age
27:53 Town Watch
32:40 Double-Bit Axe
35:24 Man-at-Arms
37:06 Fletching
Arguin331
0:55 Loom
13:09 Feudal Age
13:49 Double-Bit Axe
14:38 Horse Collar
18:02 Man-at-Arms
19:38 Scale Mail Armor
20:21 Forging
22:58 Wheelbarrow
26:39 Castle Age
27:57 Hand Cart
27:37 Gold Mining
27:42 Stone Mining
28:20 Bow Saw
28:21 Heavy Plow
29:39 Pikeman
32:50 Ballistics
31:54 Long Swordsman
35:57 Fortified Wall
36:50 Murder Holes
37:43 Masonry
37:43 Fletching
37:53 Padded Archer Armor
38:00 Crossbowman
40:05 Bodkin Arrow
40:25 Leather Archer Armor
BLITZKRIEG
7:20 Loom
15:10 Feudal Age
15:55 Double-Bit Axe
15:50 Horse Collar
17:13 Wheelbarrow
21:19 Castle Age
19:41 Scale Mail Armor
19:31 Arson
21:33 Scale Barding Armor
21:43 Forging
22:34 Chain Barding Armor
22:38 Hand Cart
23:12 Husbandry
25:59 Bloodlines
26:45 Stone Mining
26:47 Gold Mining
28:28 Iron Casting
29:17 Stone Shaft Mining
30:14 Bow Saw
30:07 Heavy Plow
31:33 Tigui
31:32 Treadmill Crane
33:18 Squires
34:23 Murder Holes
35:29 Gold Shaft Mining
37:00 Pikeman
37:56 Masonry
40:21 Imperial Age
Cayo
10:03 Feudal Age
8:19 Loom
16:12 Castle Age
14:38 Double-Bit Axe
15:18 Stone Mining
21:04 Fletching
30:05 Scale Barding Armor
31:08 Gold Mining
33:06 Bow Saw
32:39 Horse Collar
33:19 Murder Holes
33:22 Bodkin Arrow
33:50 Ballistics
33:44 Masonry
33:55 Ballistics
33:49 Forging
34:00 Heavy Plow
34:27 Chain Barding Armor
35:01 Stone Shaft Mining
37:52 Imperial Age
35:11 Town Watch
36:07 Wheelbarrow
38:00 Iron Casting
37:09 Treadmill Crane
38:49 Guilds
40:11 Plate Barding Armor
39:38 Bracer
40:56 Conscription
41:36 Architecture
42:07 Chemistry
41:11 Scale Mail Armor
41:13 Padded Archer Armor
45:25 Elite Leitis
48:09 Hand Cart
47:55 Town Patrol
48:32 Hoardings
Minos
0:33 Loom
14:55 Feudal Age
16:19 Wheelbarrow
18:52 Castle Age
17:26 Double-Bit Axe
17:33 Stone Mining
17:24 Horse Collar
33:18 Imperial Age
31:06 Hand Cart
30:51 Town Watch
31:51 Bow Saw
31:42 Heavy Plow
31:52 Scale Mail Armor
32:02 Forging
32:48 Anarchy
33:12 Town Patrol
33:33 Chain Mail Armor
34:59 Elite Huskarl
35:41 Perfusion
36:01 Conscription
35:53 Fletching
36:39 Iron Casting
36:25 Bodkin Arrow
38:33 Iron Casting
38:00 Bracer
38:32 Gold Mining
39:18 Crop Rotation
39:49 Two-Man Saw
40:34 Chemistry
40:44 Blast Furnace
42:53 Ballistics
48:09 Murder Holes
48:25 Masonry
Ultra cogolloo
0:50 Loom
19:22 Feudal Age
20:53 Wheelbarrow
23:20 Double-Bit Axe
25:49 Domestication
28:10 Gold Mining
32:16 Castle Age
33:19 Crossbowman
33:56 Fletching
39:41 Hand Cart
45:18 Bodkin Arrow
45:24 Padded Archer Armor
50:04 Imperial Age
SjRFreestyle
2:25 Loom
11:34 Feudal Age
17:09 Castle Age
30:22 Imperial Age
34:52 Chemistry
33:33 Pikeman
34:09 Double-Bit Axe
34:20 Halberdier
36:32 Arson
38:27 Onager
41:50 Ballistics
45:53 Arquebus
48:48 Bow Saw
Connection lost

Rejoining the realm…

Still unreachable

The connection could not be restored.

Session expired

The server has moved on; the page needs a fresh start.